 Dungeon Crawl Stone Soup version 0.20.1-1-g8b1a95d (webtiles) character file.

6062 slep the Carver (level 10, -2/132 HPs)
             Began as a Minotaur Gladiator on Nov 1, 2017.
             Was a Priest of the Shining One.
             Slain by a yak (9 damage)
             ... on level 1 of the Lair of Beasts.
             The game lasted 00:49:40 (6932 turns).

slep the Carver (Minotaur Gladiator)                Turns: 6932, Time: 00:49:41

Health: -2/132     AC: 25    Str: 18    XL:     10   Next: 57%
Magic:  9/9        EV:  2    Int:  5    God:    the Shining One [***...]
Gold:   420        SH:  8    Dex: 16    Spells: 8/10 levels left

rFire    + . .     SeeInvis .   P - +5 falchion (curse)
rCold    . . .     Gourm    .   F - +2 buckler
rNeg     + + +     Faith    .   (armour currently unavailable)
rPois    +         Spirit   .   (helmet currently unavailable)
rElec    .         Reflect  .   (cloak currently unavailable)
rCorr    .         Harm     .   (gloves currently unavailable)
MR       +....     NoTele   +   (boots currently unavailable)
Stlth    +.........             (no amulet)
Regen    0.4/turn               E - ring of protection from fire
MPRegen  0.2/turn               N - ring of protection from magic

@: tree-form, hasted, glowing, very quick
A: (retaliatory headbutt), deterioration 1
a: Divine Shield, Renounce Religion


You were on level 1 of the Lair of Beasts.
You worshipped the Shining One.
The Shining One was most pleased with you.
You were very hungry.
You were a tree.
You visited 3 branches of the dungeon, and saw 10 of its levels.
You also visited: Volcano.

You collected 420 gold pieces.

Inventory:

Hand Weapons
 a - a +1 shortbow of flaming
 j - a +0 short sword of holy wrath
 p - a cursed +0 spear
 K - a +1 flail of venom
 P - a cursed +5 falchion (weapon)
 S - a +0 hunting sling of flaming
Missiles
 d - 4 throwing nets (quivered)
 r - 3 tomahawks of returning
 I - 5 javelins
 R - 22 arrows
 T - 56 sling bullets
Armour
 b - a +0 leather armour
 c - a +0 hat (melded)
 n - a +1 pair of boots (melded)
 s - a +0 pair of gloves (melded)
 y - a +2 cloak (melded)
 F - a +2 buckler (worn)
 W - a +3 chain mail of fire resistance (melded)
 X - a +2 plate armour of fire resistance
 Y - a +2 ring mail of fire resistance
Jewellery
 E - a ring of protection from fire (left branch)
 L - an uncursed ring of wizardry
 N - a ring of protection from magic (right branch)
Wands
 J - a wand of paralysis (4/24)
 Q - a wand of confusion (8/48)
Scrolls
 e - 5 scrolls of enchant armour {unknown}
 h - 3 scrolls of fear {unknown}
 i - 6 scrolls of teleportation {unknown}
 o - 6 scrolls of remove curse {unknown}
 t - 6 scrolls of enchant weapon {unknown}
 u - 2 scrolls of amnesia {unknown}
 w - 9 scrolls of identify {unknown}
 x - 2 scrolls of magic mapping {unknown}
 G - 2 scrolls of recharging {unknown}
 H - 2 scrolls of fog {unknown}
Potions
 k - a potion of flight
 l - 2 potions of brilliance
 z - a potion of lignification
 D - 2 potions of resistance {unknown}
 O - 3 potions of agility {unknown}
 U - 2 potions of degeneration {unknown}
 Z - 2 potions of berserk rage {unknown}
Books
 q - a book of Minor Magic

   Spells                             Type                      Level
   a - Magic Dart                     Conjuration                  1
   b - Blink                          Translocation                2
   c - Call Imp                       Summoning                    2
   d - Slow                           Hexes                        2
   e - Conjure Flame                  Conjuration/Fire             3
   f - Mephitic Cloud                 Conjuration/Poison/Air       3
 M - a book of Geomancy

   Spells                             Type                      Level
   a - Sandblast                      Earth                        1
   b - Passwall                       Transmutation/Earth          2
   c - Stone Arrow                    Conjuration/Earth            3
   d - Petrify                        Transmutation/Earth          4
   e - Lee's Rapid Deconstruction     Earth                        5
 V - a book of Maledictions

   Spells                             Type                      Level
   a - Corona                         Hexes                        1
   b - Ensorcelled Hibernation        Hexes/Ice                    2
   c - Confuse                        Hexes                        3
   d - Tukima's Dance                 Hexes                        3
   e - Dazzling Spray                 Conjuration/Hexes            3
Comestibles
 f - 6 bread rations
 v - 4 meat rations
 A - 3 royal jellies
 C - 5 fruits


   Skills:
 + Level 8.2 Fighting
 + Level 12.5 Long Blades
 + Level 4.4 Maces & Flails
 + Level 2.1 Throwing
 + Level 4.3 Armour
 + Level 7.7 Dodging
 + Level 2.2 Stealth
 + Level 5.8 Shields
 + Level 0.5 Spellcasting
 + Level 0.1 Translocations


You had 8 spell levels left.
You knew the following spells:

 Your Spells              Type           Power        Failure   Level  Hunger
a - Blink                 Tloc           N/A          58%         2    ###....


Dungeon Overview and Level Annotations

Branches:
Dungeon (8/15)             Temple (1/1) D:4            Lair (1/6) D:8

Altars:
Ashenzari
Cheibriados
Dithmenos
Elyvilon
Fedhas
Gozag
Hepliaklqana
Kikubaaqudgha
Makhleb
Nemelex Xobeh
Okawaru
Qazlal
Ru
Sif Muna
Trog
Uskayaw
Vehumet
Xom
Yredelemnul
Zin
The Shining One

Shops:
D:7 =


Innate Abilities, Weirdness & Mutations

((You reflexively headbutt those who attack you in melee.))
((You have a pair of horns on your head.))
((You have large cloven feet.))
((Armour fits poorly on your strangely shaped body.))
Your body sometimes deteriorates upon taking damage.


Message History

The yak is moderately wounded.
The yak gores you but does no damage. x2
A crocodile comes into view.
You hit the yak.
The yak is heavily wounded.
The yak gores you but does no damage.
You barely miss the yak.
The yak is heavily wounded.
The yak gores you but does no damage. You block the yak's attack.
You hit the yak.
The yak is heavily wounded.
The yak gores you but does no damage.
You hit the yak.
The yak is severely wounded.
You slash the yak!
The yak is almost dead.
The yak gores you but does no damage. The yak gores you.
* * * LOW HITPOINT WARNING * * *
The yak gores you!
You die...

...#...........#.......#....#....
...+......#....#.......#....####.
...P#..#.##....#.......#.........
.................................
...............##..#####.........
.................##.......(......
..............######...###.......
..............###Y###.##≈##......
....†.........##♣YY####≈≈≈##.P###
..#P..#..#.P..###Y#t##§≈≈§≈..## #
.#............######....YY...##..
.#.........#...# #####≈≈§≈≈......
.#.........#...# #...##≈§≈##.##..
.#.........#...# #...###≈##..#...
...........#...###....####.......
.#...................##......##..
.......##+##...#####.###......# .


You could see 4 yaks and a crocodile.

Vanquished Creatures
  A two-headed ogre (Volcano)
  A black mamba (Lair:1)
  Joseph (D:7)
  The ghost of Janblair101 the Covert, a novice SpEn (D:7)
  2 yaks (Lair:1)
  A fire bat (Volcano)
  A hungry ghost (D:7)
  3 hell hounds (Volcano)
  A porcupine (Lair:1)
  A sky beast (D:5)
  An ice beast (D:6)
  An orc warrior (D:8)
  A black bear (D:8)
  2 ogres
  6 centaurs
  A phantom (D:5)
  5 bullfrogs
  2 scorpions
  4 wights (D:6)
  5 crimson imps
  A gnoll shaman (D:7)
  8 hounds
  A centaur zombie (D:8)
  6 orc priests
  Crazy Yiuf (D:7)
  A bullfrog skeleton (D:6)
  2 jellies
  An iguana (D:6)
  A centaur skeleton (D:8)
  9 orc wizards
  Ijyb (D:5)
  7 worker ants
  A hound zombie (D:5)
  A hound skeleton (D:5)
  A howler monkey zombie (D:5)
  A worker ant zombie (D:8)
  9 gnolls
  7 adders
  An ooze (D:4)
  An adder zombie (D:7)
  3 adder skeletons
  5 worms
  A dart slug (D:1)
  5 leopard geckos
  18 orcs
  5 bats
  6 giant cockroaches
  4 goblins
  A hobgoblin (D:1)
  2 jackals (D:4)
  3 kobolds
  4 quokkas
  3 frilled lizards
  A quokka zombie (D:5)
  2 rats (D:1)
165 creatures vanquished.

Vanquished Creatures (others)
  3 two-headed ogres (Volcano)
  A centaur (Volcano)
  A plant (Lair:1)
5 creatures vanquished.

Grand Total: 170 creatures vanquished

Notes
Turn   | Place    | Note
-------+----------+-------------------------------------------
     0 | D:1      | slep the Minotaur Gladiator began the quest for the Orb.
     0 | D:1      | Reached XP level 1. HP: 18/18 MP: 0/0
   119 | D:1      | Reached XP level 2. HP: 25/25 MP: 1/1
   160 | D:1      | Reached skill level 4 in Long Blades
   728 | D:2      | Reached XP level 3. HP: 17/30 MP: 2/2
   857 | D:2      | Found a deep blue altar of Sif Muna.
  1141 | D:3      | Reached skill level 1 in Armour
  1141 | D:3      | Reached XP level 4. HP: 31/38 MP: 3/3
  1156 | D:3      | Reached skill level 5 in Long Blades
  1473 | D:3      | Reached XP level 5. HP: 16/45 MP: 4/4
  2039 | D:4      | Noticed an ogre
  2047 | D:4      | Killed an ogre
  2047 | D:4      | Reached skill level 6 in Long Blades
  2047 | D:4      | Reached XP level 6. HP: 44/52 MP: 5/5
  2161 | D:4      | Found a staircase to the Ecumenical Temple.
  2170 | D:4      | Reached skill level 1 in Stealth
  2195 | Temple   | Entered the Ecumenical Temple
  2307 | Temple   | Learned a level 2 spell: Blink
  2345 | Temple   | Became a worshipper of the Shining One
  2758 | D:5      | Entered Level 5 of the Dungeon
  2873 | D:5      | Noticed Ijyb
  2880 | D:5      | Killed Ijyb
  2880 | D:5      | Reached skill level 7 in Long Blades
  2900 | D:5      | Reached XP level 7. HP: 48/60 MP: 6/6
  2977 | D:5      | Reached * piety under the Shining One
  3024 | D:5      | Reached skill level 5 in Dodging
  3024 | D:5      | Reached skill level 1 in Shields
  3025 | D:5      | Reached skill level 8 in Long Blades
  3198 | D:5      | Reached XP level 8. HP: 27/67 MP: 7/7
  3723 | D:6      | Reached skill level 9 in Long Blades
  3770 | D:6      | Reached skill level 1 in Maces & Flails
  3773 | D:6      | Reached skill level 5 in Fighting
  4175 | D:6      | Reached ** piety under the Shining One
  4526 | D:7      | Noticed Joseph
  4537 | D:7      | Killed Joseph
  4537 | D:7      | Reached skill level 10 in Long Blades
  4537 | D:7      | Reached XP level 9. HP: 49/74 MP: 8/8
  4544 | D:7      | Noticed Janblair101's ghost (novice SpEn)
  4558 | D:7      | Killed Janblair101's ghost
  4730 | D:7      | Found Otacuest's Jewellery Emporium.
  5143 | D:7      | Found a runed door.
  5196 | D:7      | Reached skill level 11 in Long Blades
  5461 | D:7      | Noticed Crazy Yiuf
  5465 | D:7      | Killed Crazy Yiuf
  5718 | D:8      | Reached *** piety under the Shining One
  5732 | D:8      | Found a staircase to the Lair.
  6016 | Lair:1   | Entered Level 1 of the Lair of Beasts
  6024 | Lair:1   | Reached XP level 10. HP: 84/84 MP: 9/9
  6255 | Lair:1   | Noticed a black mamba
  6262 | Lair:1   | Killed a black mamba
  6262 | Lair:1   | Reached skill level 5 in Shields
  6297 | Lair:1   | Found a dark tunnel.
  6302 | Volcano  | Entered a volcano
  6316 | Volcano  | Noticed a two-headed ogre
  6317 | Volcano  | Noticed a two-headed ogre
  6341 | Volcano  | Noticed a two-headed ogre
  6342 | Volcano  | Noticed a two-headed ogre
  6343 | Volcano  | Killed a two-headed ogre
  6347 | Volcano  | Killed a two-headed ogre
  6347 | Volcano  | Reached skill level 12 in Long Blades
  6375 | Volcano  | Killed a two-headed ogre
  6375 | Volcano  | Killed a two-headed ogre
  6920 | Lair:1   | HP: 6/132 [yak (9)]
  6926 | Lair:1   | Gained mutation: Armour fits poorly on your strangely shaped body. [potion of mutation]
  6926 | Lair:1   | Gained mutation: Your body sometimes deteriorates upon taking damage. [potion of mutation]
  6926 | Lair:1   | Gained mutation: You have large cloven feet. [potion of mutation]
  6926 | Lair:1   | The Shining One protects you from harm!
  6932 | Lair:1   | Slain by a yak

Skill      XL: |  1  2  3  4  5  6  7  8  9 10 |
---------------+-------------------------------+-----
Long Blades    | 4 5 6 7 8 10 11 12 | 12.5
Fighting       | 3 4 5 6 8 |  8.2
Armour         | 1 2 3 4 |  4.3
Dodging        | 4 5 6 7 |  7.7
Stealth        | 1 2 |  2.2
Shields        | 1 3 4 5 |  5.8
Maces & Flails | 3 4 |  4.4
Throwing       | |  2.1
Spellcasting   | |  0.5
Translocations | |  0.1

Action                   |  1- 3 |  4- 6 |  7- 9 | 10-12 || total
-------------------------+-------+-------+-------+-------++-------
Melee: Long sword        |    50 |   115 |    56 |       ||   221
       Headbutt          |    11 |    23 |    60 |     8 ||   102
       Falchion          |       |       |   213 |    75 ||   288
       Flail             |       |       |    36 |       ||    36
Evoke: Wand              |       |       |       |     2 ||     2
  Use: Potion            |       |     3 |     1 |     9 ||    13
 Stab: Sleeping          |       |     1 |       |       ||     1
  Eat: Chunk             |     1 |     5 |    12 |     1 ||    19
       Fruit             |       |       |       |     1 ||     1
Armor: Leather armour    |    13 |    24 |    63 |     1 ||   101
       Skin              |       |       |       |    39 ||    39
       Chain mail        |       |       |       |     3 ||     3
Dodge: Dodged            |    23 |    64 |   133 |    18 ||   238
Block: Buckler           |     6 |    16 |    72 |    19 ||   113
       Rpst.: Long sword |     7 |    17 |     7 |       ||    31
       Falchion          |       |       |    22 |     5 ||    27
